SA
PUT-IN-BAY BC @ ALAMEDA AIRMEN
06/17/2024
 
TOP OF THE 1ST
Put-In-Bay BC batting - Pitching for Alameda Airmen : RHP Dave Morse
Pitching: RHP Dave Morse
Batting: RHB William Walls 0-0: Ball
1-0: Swinging Strike
1-1: Ball
2-1: TRIPLE (Line Drive, 9LS)
Batting: RHB José Delgado 0-0: Ball
1-0: Called Strike
1-1: Ball
2-1: Foul Ball, location: 2F
2-2: Strikes out looking
Batting: LHB Aquiles Marmelo 0-0: Called Strike
0-1: SINGLE (Flyball, 9S) - OUT at second base trying to stretch hit.
William Walls scores
Batting: RHB José Vázquez 0-0: Ball
1-0: Ball
2-0: SINGLE (Groundball, 6MD)
Batting: LHB Locke Lamora 0-0: Foul Ball, location: 2F
0-1: Ball
1-1: Ground out U3 (Groundball, 3L)
Top of the 1st over - 1 run(s), 3 hit(s), 0 error(s), 1 left on base; Put-In-Bay 1 - Alameda 0
BOTTOM OF THE 1ST
Alameda Airmen batting - Pitching for Put-In-Bay BC : RHP Ronaldo Baghina
Pitching: RHP Ronaldo Baghina
Batting: RHB Juan García 0-0: Ball
1-0: Ball
2-0: Called Strike
2-1: Hit by Pitch
Batting: LHB Pedro Tapia 0-0: Fielders Choice at 2nd, 6-4 (Groundball, 6M)
Batting: LHB Bryce Reilly 0-0: Swinging Strike
0-1: Called Strike
0-2: Fielders Choice at 2nd, 4-6 (Groundball, 4)
Batting: RHB José Vargas 0-0: Called Strike
Bryce Reilly steals 2nd base
0-1: Ball
1-1: SINGLE (Line Drive, 8RS)
Bryce Reilly to third
Runner from 3rd tries for Home, SAFE, no throw or cutoff
Batting: SHB Orlando Villa 0-0: Ball
1-0: Reached on error, E5 (Groundball, 5S)
José Vargas to second
Batting: SHB Luis Luquín 0-0: Ball
1-0: Foul Ball, location: 2F
1-1: Called Strike
1-2: Ball
2-2: Ground out 4-3 (Groundball, 4)
Bottom of the 1st over - 1 run(s), 1 hit(s), 1 error(s), 2 left on base; Put-In-Bay 1 - Alameda 1
TOP OF THE 2ND
Put-In-Bay BC batting - Pitching for Alameda Airmen : RHP Dave Morse
Batting: RHB Rocky Cantrell 0-0: Ball
1-0: Called Strike
1-1: Foul Ball, location: 2F
1-2: Ball
2-2: Ball
3-2: Fly out, F6 (Popup, 8LS)
Batting: LHB Dong-hwan Yun 0-0: Ball
1-0: SINGLE (Line Drive, 7LS)
Batting: RHB Steve Koch 0-0: Ball
1-0: Called Strike
1-1: Ball
2-1: Fly out, F7 (Line Drive, 78M)
Batting: RHB Norman Winston 0-0: Ball
1-0: Ball
2-0: Ball
3-0: Called Strike
3-1: Foul Ball, location: 2F
3-2: Base on Balls
Dong-hwan Yun to second
Batting: RHB William Walls 0-0: Ball
1-0: Ball
2-0: Called Strike
2-1: Called Strike
2-2: Strikes out swinging
Top of the 2nd over - 0 run(s), 1 hit(s), 0 error(s), 2 left on base; Put-In-Bay 1 - Alameda 1
BOTTOM OF THE 2ND
Alameda Airmen batting - Pitching for Put-In-Bay BC : RHP Ronaldo Baghina
Batting: SHB Domingo Luna 0-0: Swinging Strike
0-1: Ball
1-1: Swinging Strike
1-2: Foul Ball, location: 2F
1-2: Foul Ball, location: 2F
1-2: Strikes out looking
Batting: RHB Fernando Trinidad 0-0: Called Strike
0-1: Fly out, F5 (Popup, 5)
Batting: LHB César Nieves 0-0: Ball
1-0: Ball
2-0: Ball
3-0: Swinging Strike
3-1: Foul Ball, location: 2F
3-2: Ground out 4-3 (Groundball, 4M)
Bottom of the 2nd over - 0 run(s), 0 hit(s), 0 error(s), 0 left on base; Put-In-Bay 1 - Alameda 1
TOP OF THE 3RD
Put-In-Bay BC batting - Pitching for Alameda Airmen : RHP Dave Morse
Batting: RHB José Delgado 0-0: Called Strike
0-1: Ball
1-1: Foul Ball, location: 2F
1-2: Foul Ball, location: 2F
1-2: Ball
2-2: Strikes out swinging
Batting: LHB Aquiles Marmelo 0-0: Swinging Strike
0-1: Called Strike
0-2: SINGLE (Groundball, 5D)
Batting: RHB José Vázquez 0-0: Ball
1-0: Called Strike
1-1: Ball
2-1: Reached on error, E5 (Groundball, 5S)
Aquiles Marmelo to second
Batting: LHB Locke Lamora 0-0: Ball
1-0: Fly out, F2 (Popup, 23F)
Batting: RHB Rocky Cantrell 0-0: Ball
1-0: Ball
2-0: Called Strike
2-1: Ball
3-1: Foul Ball, location: 2F
3-2: Strikes out swinging
Top of the 3rd over - 0 run(s), 1 hit(s), 1 error(s), 2 left on base; Put-In-Bay 1 - Alameda 1
BOTTOM OF THE 3RD
Alameda Airmen batting - Pitching for Put-In-Bay BC : RHP Ronaldo Baghina
Batting: RHB Juan García 0-0: Foul Ball, location: 2F
0-1: Ball
1-1: Ball
2-1: Ball
3-1: SINGLE (Groundball, 6M)
Batting: LHB Pedro Tapia 0-0: Foul Ball, location: 2F
0-1: Ball
1-1: Ball
2-1: Foul Ball, location: 2F
2-2: Foul Ball, location: 2F
2-2: Foul Ball, location: 2F
2-2: Fly out, F9 (Flyball, 89M)
Batting: LHB Bryce Reilly 0-0: Hit by Pitch
Juan García to second
Batting: RHB José Vargas 0-0: Ball
1-0: Foul Ball, location: 2F
1-1: Called Strike
1-2: Strikes out swinging
Batting: SHB Orlando Villa 0-0: Foul Ball, location: 2F
0-1: Hit by Pitch
Juan García to third
Bryce Reilly to second
Batting: SHB Luis Luquín 0-0: Ball
1-0: Foul Ball, location: 2F
1-1: Swinging Strike
1-2: Foul Ball, location: 2F
1-2: Ball
2-2: Foul Ball, location: 2F
2-2: Foul Ball, location: 2F
2-2: Ball
3-2: Base on Balls
Juan García scores
Bryce Reilly to third
Orlando Villa to second
Batting: SHB Domingo Luna 0-0: Called Strike
0-1: Called Strike
0-2: Fly out, F7 (Flyball, 78M)
Bottom of the 3rd over - 1 run(s), 1 hit(s), 0 error(s), 3 left on base; Put-In-Bay 1 - Alameda 2
TOP OF THE 4TH
Put-In-Bay BC batting - Pitching for Alameda Airmen : RHP Dave Morse
Batting: LHB Dong-hwan Yun 0-0: Ball
1-0: Foul Ball, location: 2F
1-1: Ball
2-1: Ball
3-1: SINGLE (Groundball, 4MD)
Batting: RHB Steve Koch 0-0: Ball
1-0: Called Strike
1-1: Called Strike
1-2: Strikes out swinging
Batting: RHB Norman Winston 0-0: Called Strike
0-1: Foul Ball, location: 2F
0-2: Strikes out swinging
Batting: RHB William Walls 0-0: Ball
Dong-hwan Yun steals 2nd base
1-0: Called Strike
1-1: Ball
2-1: Fly out, F3 (Popup, 3F)
Top of the 4th over - 0 run(s), 1 hit(s), 0 error(s), 1 left on base; Put-In-Bay 1 - Alameda 2
BOTTOM OF THE 4TH
Alameda Airmen batting - Pitching for Put-In-Bay BC : RHP Ronaldo Baghina
Batting: RHB Fernando Trinidad 0-0: Called Strike
0-1: Ground out 6-3 (Groundball, 6)
Batting: LHB César Nieves 0-0: Called Strike
0-1: Called Strike
0-2: Ball
1-2: Ball
2-2: Strikes out swinging
Batting: RHB Juan García 0-0: Ball
1-0: Ball
2-0: Called Strike
2-1: Foul Ball, location: 2F
2-2: Strikes out swinging
Bottom of the 4th over - 0 run(s), 0 hit(s), 0 error(s), 0 left on base; Put-In-Bay 1 - Alameda 2
TOP OF THE 5TH
Put-In-Bay BC batting - Pitching for Alameda Airmen : RHP Dave Morse
Batting: RHB José Delgado 0-0: Fly out, F8 (Flyball, 8LM)
Batting: LHB Aquiles Marmelo 0-0: Ball
1-0: SINGLE (Line Drive, 4MD)
Batting: RHB José Vázquez 0-0: Called Strike
0-1: Called Strike
0-2: Foul Ball, location: 2F
0-2: Ball
Aquiles Marmelo is caught stealing 2nd base
1-2: Foul Ball, location: 2F
1-2: Ball
2-2: Strikes out looking
Top of the 5th over - 0 run(s), 1 hit(s), 0 error(s), 0 left on base; Put-In-Bay 1 - Alameda 2
BOTTOM OF THE 5TH
Alameda Airmen batting - Pitching for Put-In-Bay BC : RHP Ronaldo Baghina
Batting: LHB Pedro Tapia 0-0: SINGLE (Flyball, 89S)
Batting: LHB Bryce Reilly 0-0: Ball
1-0: Ball
Wild Pitch!
Pedro Tapia to second
2-0: Ball
3-0: Called Strike
3-1: Swinging Strike
3-2: Base on Balls
Batting: RHB José Vargas 0-0: Swinging Strike
0-1: Called Strike
0-2: Ball
1-2: 3-RUN HOME RUN (Flyball, 89XD), Distance : 388 ft
Batting: SHB Orlando Villa 0-0: Ball
1-0: Fly out, F4 (Line Drive, 4MS)
Now at 2B: Truman Warner
Batting: SHB Luis Luquín 0-0: Ball
1-0: Ball
2-0: Fly out, F8 (Flyball, 8RM)
Batting: SHB Domingo Luna 0-0: Called Strike
0-1: Swinging Strike
0-2: Foul Ball, location: 2F
0-2: Strikes out looking
Bottom of the 5th over - 3 run(s), 2 hit(s), 0 error(s), 0 left on base; Put-In-Bay 1 - Alameda 5
TOP OF THE 6TH
Put-In-Bay BC batting - Pitching for Alameda Airmen : RHP Dave Morse
Batting: LHB Locke Lamora 0-0: Ball
1-0: Called Strike
1-1: SINGLE (Groundball, 4MD) (infield hit)
Batting: RHB Truman Warner 0-0: Called Strike
0-1: Foul Ball, location: 2F
0-2: SINGLE (Groundball, 6MD)
Locke Lamora to second
Runner from 2nd tries for 3rd, SAFE, no throw or cutoff
Batting: LHB Dong-hwan Yun 0-0: Ball
1-0: Called Strike
1-1: Foul Ball, location: 2F
1-2: Ball
2-2: Ball
3-2: Base on Balls
Truman Warner to second
Pitching: RHP Bryan McKinney
Batting: RHB Steve Koch 0-0: Ground out 4-3 (Groundball, 4M)
Locke Lamora scores
Truman Warner to third
Dong-hwan Yun to second
Batting: RHB Norman Winston 0-0: Called Strike
0-1: Foul Ball, location: 2F
0-2: Ball
1-2: Strikes out swinging
Batting: RHB William Walls 0-0: Swinging Strike
0-1: Fly out, F9 (Flyball, 89M)
Top of the 6th over - 1 run(s), 2 hit(s), 0 error(s), 2 left on base; Put-In-Bay 2 - Alameda 5
BOTTOM OF THE 6TH
Alameda Airmen batting - Pitching for Put-In-Bay BC : RHP Ronaldo Baghina
Batting: RHB Fernando Trinidad 0-0: Called Strike
0-1: Called Strike
0-2: Ball
1-2: Fly out, F7 (Flyball, 7M)
Batting: LHB César Nieves 0-0: Called Strike
0-1: Called Strike
0-2: Foul Ball, location: 2F
0-2: Ball
1-2: Ground out 2-3 (Groundball, 23)
Batting: RHB Juan García 0-0: Swinging Strike
0-1: Fly out, F8 (Flyball, 89M)
Bottom of the 6th over - 0 run(s), 0 hit(s), 0 error(s), 0 left on base; Put-In-Bay 2 - Alameda 5
TOP OF THE 7TH
Put-In-Bay BC batting - Pitching for Alameda Airmen : RHP Bryan McKinney
Batting: RHB José Delgado 0-0: Called Strike
0-1: Ball
1-1: Called Strike
1-2: Foul Ball, location: 2F
1-2: Strikes out looking
Batting: LHB Aquiles Marmelo 0-0: Called Strike
0-1: Ball
1-1: SINGLE (Groundball, 3D)
Batting: RHB José Vázquez 0-0: Ball
1-0: Swinging Strike
1-1: Ball
2-1: Foul Ball, location: 2F
2-2: Ball
3-2: Strikes out swinging
Batting: LHB Locke Lamora 0-0: Ball
1-0: Fielders Choice at 2nd, U6 (Groundball, 6M)
Top of the 7th over - 0 run(s), 1 hit(s), 0 error(s), 1 left on base; Put-In-Bay 2 - Alameda 5
BOTTOM OF THE 7TH
Alameda Airmen batting - Pitching for Put-In-Bay BC : RHP Ronaldo Baghina
Batting: LHB Pedro Tapia 0-0: Ball
1-0: Foul Ball, location: 2F
1-1: Ground out U3 (Groundball, 3S)
Batting: LHB Bryce Reilly 0-0: Called Strike
0-1: Ball
1-1: Ground out 4-3 (Groundball, 34)
Batting: RHB José Vargas 0-0: Fly out, F9 (Flyball, 89M)
Bottom of the 7th over - 0 run(s), 0 hit(s), 0 error(s), 0 left on base; Put-In-Bay 2 - Alameda 5
TOP OF THE 8TH
Put-In-Bay BC batting - Pitching for Alameda Airmen : RHP Bryan McKinney
Batting: RHB Truman Warner 0-0: Fly out, F1 (Line Drive, 15)
Batting: LHB Dong-hwan Yun 0-0: Called Strike
0-1: Ball
1-1: Fly out, F9 (Flyball, 89M)
Batting: RHB Steve Koch 0-0: Called Strike
0-1: Foul Ball, location: 2F
0-2: Fly out, F9 (Flyball, 89M)
Top of the 8th over - 0 run(s), 0 hit(s), 0 error(s), 0 left on base; Put-In-Bay 2 - Alameda 5
BOTTOM OF THE 8TH
Alameda Airmen batting - Pitching for Put-In-Bay BC : RHP Ronaldo Baghina
Pitching: LHP José Tovar
Batting: SHB Orlando Villa 0-0: Ball
1-0: Called Strike
1-1: Swinging Strike
1-2: Strikes out swinging
Batting: SHB Luis Luquín 0-0: Fly out, F8 (Line Drive, 8LM)
Batting: SHB Domingo Luna 0-0: Swinging Strike
0-1: Ball
1-1: SINGLE (Groundball, 34D)
Batting: RHB Fernando Trinidad 0-0: Ball
1-0: DOUBLE (Line Drive, 89M)
Domingo Luna to third
Runner from 3rd tries for Home, throw and OUT!
Bottom of the 8th over - 0 run(s), 2 hit(s), 0 error(s), 1 left on base; Put-In-Bay 2 - Alameda 5
TOP OF THE 9TH
Put-In-Bay BC batting - Pitching for Alameda Airmen : RHP Bryan McKinney
Pitching: RHP Reynaldo Maestas
Now in RF: Billy Mays
Batting: RHB Norman Winston 0-0: TRIPLE (Line Drive, 89M)
Batting: RHB William Walls 0-0: Ball
1-0: Foul Ball, location: 2F
1-1: Fly out, F5 (Line Drive, 5)
Batting: RHB José Delgado 0-0: Called Strike
0-1: Ball
1-1: Foul Ball, location: 2F
1-2: Strikes out swinging
Batting: LHB Aquiles Marmelo 0-0: Ball
1-0: Ball
2-0: Called Strike
2-1: Ball
3-1: Foul Ball, location: 2F
3-2: Foul Ball, location: 2F
3-2: Base on Balls
Batting: RHB José Vázquez 0-0: Ball
1-0: Called Strike
1-1: Swinging Strike
1-2: Fly out, F9 (Line Drive, 89S)
Top of the 9th over - 0 run(s), 1 hit(s), 0 error(s), 2 left on base; Put-In-Bay 2 - Alameda 5
This league is powered by Out of the Park Baseball, the baseball management simulation game for PC, Mac and Linux
Monday, October 3rd, 2016 - OOTP Baseball 16.9 Build 39